 Dungeon Crawl Stone Soup version 0.31-a0-700-gf13585253f (webtiles) character file.

Game seed: 17836669666923157763

327 qw the Shooter (level 6, -12/40 HPs)
             Began as a Gargoyle Hunter on Sept 7, 2023.
             Killed from afar by Ijyb (14 damage)
             ... with an iceblast
             ... on level 4 of the Dungeon.
             The game lasted 00:01:08 (2454 turns).

qw the Shooter (Gargoyle Hunter)                    Turns: 2454, Time: 00:01:08

Health: -12/40     AC: 13    Str: 14    XL:     6   Next: 50%
Magic:  6/6        EV: 11    Int: 10    God:
Gold:   153        SH:  0    Dex: 15    Spells: 5/5 levels left

rFire   . . .        Y - +0 shortbow
rCold   . . .        (shield currently unavailable)
rNeg    + . .        e - +3 leather armour
rPois   inf          g - +2 helmet
rElec   +            (no cloak)
rCorr   .            (no gloves)
SInv    .            (no boots)
Will    .....        (no amulet)
Stlth   ++           (no ring)
HPRegen 0.26/turn    (no ring)
MPRegen 0.10/turn

%: no passive effects
@: no status effects
A: sickness immunity, AC +4, negative energy resistance 1, electricity
resistance, torment resistance 1, petrification resistance
a: no special abilities


You were on level 4 of the Dungeon.
You visited 2 branches of the dungeon, and saw 5 of its levels.

You collected 153 gold pieces.


Innate Abilities, Weirdness & Mutations

You are immune to sickness and miasma.
Your stone body is resilient. (AC +4)
You are immune to poison.
You resist negative energy. (rN+)
You are resistant to electric shocks. (rElec)
You are resistant to unholy torment.
You are immune to petrification.


   Skills:
 - Level 5.0 Fighting
 + Level 6.1 Ranged Weapons
 - Level 1.3 Armour
 - Level 1.5 Dodging
 - Level 1.1 Stealth


You had 5 spell levels left.
You didn't know any spells.
Your spell library was empty.

Inventory:

Hand Weapons
 Y - a +0 shortbow (weapon)
Armour
 e - a +3 leather armour (worn)
 g - a +2 helmet (worn)
Jewellery
 h - a ring of fire
Scrolls
 c - a scroll of identify
Potions
 a - a potion of curing
 b - a potion of brilliance {unknown}
 d - a potion of lignification {unknown}
 f - a potion of magic {unknown}
 i - a potion of attraction {unknown}
 j - a potion of ambrosia {unknown}

Dungeon Overview and Level Annotations

Branches:
Dungeon (4/15)             Temple (1/1) D:4

Altars:
Ashenzari
Fedhas
Gozag
Hepliaklqana
Kikubaaqudgha
Makhleb
Qazlal
Ru
Sif Muna
Uskayaw
Vehumet
Wu Jian
Yredelemnul
Zin
The Shining One

Annotations:
D:2 1 runed translucent door, Crazy Yiuf
D:4 Ijyb


Message History

Menkaure is heavily damaged.
The hobgoblin hits you but does no damage.
Menkaure calls on the powers of darkness!
Your body is wracked with pain!
You shoot an arrow. The arrow hits the hobgoblin.
You kill the hobgoblin!
Menkaure calls on the powers of darkness!
Your body is wracked with pain!
You shoot an arrow. The arrow hits Menkaure.
Menkaure is severely damaged.
You shoot an arrow. The arrow barely misses Menkaure.
You shoot an arrow. The arrow hits Menkaure.
Menkaure is severely damaged.
Menkaure barely misses you.
You shoot an arrow. The arrow hits Menkaure.
Menkaure is almost destroyed.
Menkaure misses you.
You shoot an arrow. The arrow hits Menkaure.
You destroy Menkaure!
Your Fighting skill gained 2 levels and is now at level 5!
You have reached level 6!
You start resting.
HP restored.
Ijyb the Twisted Goblin comes into view.
She is wielding a +0 club and carrying a wand of iceblast.
You shoot an arrow. The arrow hits Ijyb.
Ijyb shouts!
Ijyb is lightly wounded.
You shoot an arrow. The arrow hits Ijyb but does no damage.
Ijyb is lightly wounded.
You shoot an arrow. The arrow closely misses Ijyb.
Ijyb zaps a wand.
The mass of ice explodes!
The iceblast engulfs you!
You shoot an arrow. The arrow completely misses Ijyb.
You shoot an arrow. The arrow barely misses Ijyb.
Ijyb zaps a wand.
The mass of ice explodes!
The iceblast engulfs you!
You shoot an arrow. The arrow hits Ijyb but does no damage.
Ijyb is lightly wounded.
Ijyb zaps a wand.
The mass of ice explodes!
The iceblast engulfs you!
You shoot an arrow. The arrow barely misses Ijyb.
Ijyb zaps a wand.
The mass of ice explodes!
The iceblast engulfs you!
You die...

#.#...#######.......#
....#.## #######.#
..##..... #.#
.##...<.# #.# ##
...... #.# ###..##.#
#.# .#......# #.#
........ ..########.#
....###. ....g..@...#
#..## .###########
..## .## ..# #.# #<#
#.# ..#


You could see Ijyb.

Vanquished Creatures
  Menkaure (D:4)
  An iguana (D:4)
  Natasha (thrice) (D:4)
  An adder (D:3)
  A worm (D:3)
  A dart slug (D:1)
  6 orcs (D:3)
  6 ball pythons
  6 bats
  7 endoplasms
  5 giant cockroaches
  3 goblins
  8 hobgoblins
  9 jackals
  9 kobolds
  4 quokkas
  3 frilled lizards
  4 rats
78 creatures vanquished.

Notes
Turn   | Place    | Note
-------+----------+-------------------------------------------
     0 | D:1      | qw the Gargoyle Hunter began the quest for the Orb.
     0 | D:1      | Reached XP level 1. HP: 12/12 MP: 1/1
     0 | D:1      | 0 ||| qw: Version: 0.3-a-76-g4403597
     0 | D:1      | 0 ||| qw: Game counter: 489
     0 | D:1      | 0 ||| qw: Melee chars always use a shield: true
     0 | D:1      | 0 ||| qw: God list: Okawaru
     0 | D:1      | 0 ||| qw: Allow faded altars: false
     0 | D:1      | 0 ||| qw: Do Orc after clearing Dungeon:15 true
     0 | D:1      | 0 ||| qw: Do second Lair branch before Depths: true
     0 | D:1      | 0 ||| qw: Lair rune preference: random
     0 | D:1      | 0 ||| qw: Goals: Normal
     0 | D:1      | 0 ||| PLANNING D:1-11
   211 | D:1      | Reached XP level 2. HP: 17/17 MP: 2/2
   471 | D:1      | Reached XP level 3. HP: 19/21 MP: 3/3
   547 | D:1      | Reached skill level 5 in Ranged Weapons
   910 | D:1      | 910 ||| UPGRADING to +3 leather armour.
   920 | D:1      | 920 ||| DROPPING +0 leather armour.
   921 | D:1      | 921 ||| READING scroll labelled XOPUGAU YL GAKK.
   922 | D:1      | 922 ||| READING 2 scrolls labelled ISMULU ASACRA.
   923 | D:1      | 923 ||| DROPPING scroll of butterflies.
   924 | D:1      | 924 ||| DROPPING scroll of poison.
  1373 | D:2      | Found a runed translucent door.
  1374 | D:2      | Noticed Crazy Yiuf
  1494 | D:2      | 1494 ||| DROPPING scarf of harm.
  1495 | D:2      | 1495 ||| READING 2 scrolls labelled NOALU GOETEOS.
  1496 | D:2      | 1496 ||| READING scroll labelled FUWIEC MIAVUSTAEP.
  1497 | D:2      | 1497 ||| READING scroll labelled UZIOWN QE SIA.
  1498 | D:2      | 1498 ||| READING scroll labelled UKKIZE HUYJANO.
  1499 | D:2      | 1499 ||| DROPPING scroll of revelation.
  1536 | D:3      | Reached skill level 3 in Fighting
  1547 | D:3      | Reached XP level 4. HP: 28/28 MP: 4/4
  2003 | D:3      | 2003 ||| UPGRADING to +2 helmet.
  2008 | D:3      | 2008 ||| READING scroll labelled KONWOTUCWA.
  2033 | D:4      | Reached XP level 5. HP: 32/32 MP: 5/5
  2052 | D:4      | Noticed Natasha
  2056 | D:4      | Killed Natasha
  2057 | D:4      | Reached skill level 6 in Ranged Weapons
  2090 | D:4      | Noticed Natasha
  2104 | D:4      | Killed Natasha
  2105 | D:4      | Reached skill level 1 in Armour
  2136 | D:4      | Found a radiant altar of Vehumet.
  2197 | D:4      | Noticed Natasha
  2200 | D:4      | Killed Natasha
  2280 | D:4      | Found a staircase to the Ecumenical Temple.
  2281 | D:4      | 2281 ||| PLANNING TEMPLE
  2281 | D:4      | 2281 ||| READING 2 scrolls of identify.
  2281 | D:4      | 2281 ||| IDENTIFYING pink potion
  2289 | Temple   | Entered the Ecumenical Temple
  2290 | Temple   | 2290 ||| PLANNING D:1-11
  2342 | D:4      | Noticed Menkaure
  2352 | D:4      | Killed Menkaure
  2353 | D:4      | Reached XP level 6. HP: 28/40 MP: 6/6
  2447 | D:4      | Noticed Ijyb
  2453 | D:4      | HP: 2/40 [Ijyb/iceblast (16)]
  2454 | D:4      | Killed from afar by Ijyb

Levels and vault maps discovered:
D:1:      nicolae_arrival_washed_ashore, layout_loops_corners
D:2:      layout_rooms, uniq_crazy_yiuf_cottage
D:3:      layout_basic, minmay_misc_feat_room
D:4:      layout_basic, vehumet_crystals, minmay_temple_entry_wispy,
          chequers_serial_rivers_micro_b, minmay_misc_feat_square,
          uniq_menkaure, uniq_ijyb, uniq_natasha
Temple:   zaba_magenta_temple

Skill      XL: |  1  2  3  4  5 |
---------------+----------------+-----
Ranged Weapons | 5 6 |  6.1
Fighting       | 3 5 |  5.0
Armour         | 1 |  1.3
Dodging        | |  1.5
Stealth        | |  1.1

Action                     |  1- 3 |  4- 6 || total
---------------------------+-------+-------++-------
   Fire: Shortbow          |   146 |   124 ||   270
    Use: Scroll            |     6 |     2 ||     8
 Armour: Leather armour    |    33 |    33 ||    66
  Dodge: Dodged            |    42 |    34 ||    76

Table legend:
 A = Non-vault XP
 B = Vault XP
 C = Vault XP percentage of total XP
 D = Non-vault monster count
 E = Vault monster count
 F = Vault count percentage of total count
                 A         B        C        D         E       F
            +---------+---------+-------+---------+---------+-------
      Total |     258 |     210 |  44.9 |      76 |       2 |   2.6
            +---------+---------+-------+---------+---------+-------
        D:1 |      52 |       0 |   0.0 |      29 |       0 |   0.0
        D:2 |      15 |       0 |   0.0 |       9 |       0 |   0.0
        D:3 |      71 |       0 |   0.0 |      29 |       0 |   0.0
        D:4 |     120 |     210 |  63.6 |       9 |       2 |  18.2
            +---------+---------+-------+---------+---------+-------
